 Dungeon Crawl Stone Soup version 0.30.0-15-g856e2d3f33 (webtiles) character file.

Game seed: 198880372873169186

64 Depression the Trooper (level 3, -3/30 HPs)
             Began as a Demonspawn Monk on May 19, 2023.
             Slain by a gnoll
             ... wielding a +0 scimitar
              (16 damage)
             ... on level 2 of the Dungeon.
             The game lasted 00:09:27 (1537 turns).

Depression the Trooper (Demonspawn Monk)            Turns: 1537, Time: 00:09:28

Health: -3/30      AC:  2    Str: 11    XL:     3   Next: 91%
Magic:  3/3        EV: 13    Int: 11    God:
Gold:   36         SH:  5    Dex: 19    Spells: 2/2 levels left

rFire   . . .        a - +0 falchion
rCold   . . .        d - orb {light}
rNeg    . . .        b - +0 robe
rPois   .            (helmet restricted)
rElec   .            (no cloak)
rCorr   .            (no gloves)
SInv    .            (no boots)
Will    .....        j - amulet of reflection
Stlth   +            (no ring)
HPRegen 0.25/turn    (no ring)
MPRegen 0.08/turn

%: reflection
@: glowing
A: horns 1, thin skeletal structure 1
a: no special abilities


You were on level 2 of the Dungeon.
You visited 1 branch of the dungeon, and saw 2 of its levels.

You collected 36 gold pieces.

Inventory:

Hand Weapons
 a - a +0 falchion (weapon)
Missiles
 f - 4 stones (quivered)
Armour
 b - a +0 robe (worn)
 d - an orb of light (worn)
Jewellery
 j - an amulet of reflection (around neck)
 l - an amulet of guardian spirit
 q - a ring of wizardry {wiz+}
Scrolls
 e - a scroll of noise {unknown}
 g - 2 scrolls of fog {unknown}
 i - a scroll of identify {unknown}
 m - a scroll of brand weapon {unknown}
 n - a scroll of silence {unknown}
 o - a scroll of teleportation {unknown}
Potions
 c - a potion of ambrosia
 h - 2 potions of mutation {unknown}
 k - a potion of haste {unknown}
 p - a potion of magic {unknown}
 r - a potion of curing {unknown}


   Skills:
 + Level 3.9 Fighting
 + Level 3.5 Long Blades
 - Level 3.0 Dodging


You had 2 spell levels left.
You didn't know any spells.
Your spell library was empty.

Dungeon Overview and Level Annotations

Branches:
Dungeon (2/15) Zot: 10446

Altars:
Gozag


Innate Abilities, Weirdness & Mutations

You have a pair of small horns on your head.
You have a somewhat thin skeletal structure. (Dex +2, Stealth+)


Message History

You kill the gnoll!
You start waiting.
A gnoll is nearby!
Throw: 7 stones
Press: ? - help, Q - select action Shift-Dir - straight line, f - gnoll
Aim: a gnoll, wielding a +0 scimitar and wearing the +3 leather armour "Fynkiph" {Harm Will+} (65% to hit)
You throw a stone. The stone barely misses the gnoll.
Throw: 6 stones
Press: ? - help, Q - select action Shift-Dir - straight line, f/p - gnoll
Aim: a gnoll, wielding a +0 scimitar and wearing the +3 leather armour "Fynkiph" {Harm Will+} (haloed, 83% to hit)
You throw a stone. The stone hits the gnoll.
The gnoll is lightly wounded.
Throw: 5 stones
Press: ? - help, Q - select action Shift-Dir - straight line, f/p - gnoll
Aim: a gnoll, wielding a +0 scimitar and wearing the +3 leather armour "Fynkiph" {Harm Will+} (lightly wounded, haloed, 83% to hit)
You throw a stone.
The stone hits the gnoll but does no damage.
The gnoll is lightly wounded.
You hit the gnoll but do no damage.
You headbutt the gnoll, but do no damage.
The gnoll is lightly wounded.
The gnoll closely misses you.
You hit the gnoll.
You headbutt the gnoll, but do no damage.
The gnoll is lightly wounded.
The gnoll hits you with a +0 scimitar!
Ouch! That really hurt!
* * * LOW HITPOINT WARNING * * *
You take 19 damage, and have 11/30 hp.
THAT REALLY HURT!
Okay, then.
The gnoll attacks as you move away! The gnoll barely misses you.
The gnoll attacks as you move away! The gnoll closely misses you.
You hit the gnoll but do no damage.
The gnoll is lightly wounded.
The gnoll barely misses you.
You hit the gnoll.
The gnoll is heavily wounded.
The gnoll hits you with a +0 scimitar!
Ouch! That really hurt!
You die...

#...#.#.....######.###.......##
###...#..#########.# ##..###.#
##.)..........##.####.####.#
#.>#########.##...........#
#### #...#.##############
#.#.#.# #.....### ###.#g..#
#.#@#.# #.#.#.# ####.#<#.#
#....###.# ###.##)###†#
#..........# #.#...♣.#.##
#.[..♣♣P.P.# #....P......#


You could see a gnoll.

Vanquished Creatures
  2 gnolls
  An adder (D:2)
  A worm (D:2)
  6 ball pythons
  2 bats
  An endoplasm (D:1)
  3 goblins
  5 hobgoblins
  4 jackals (D:1)
  3 kobolds
  3 rats (D:2)
31 creatures vanquished.

Notes
Turn   | Place    | Note
-------+----------+-------------------------------------------
     0 | D:1      | Depression the Demonspawn Monk began the quest for the Orb.
     0 | D:1      | Reached XP level 1. HP: 18/18 MP: 1/1
   172 | D:1      | Gained mutation: You have a somewhat thin skeletal
                  | structure. (Dex +2, Stealth+) [demonic ancestry]
   172 | D:1      | Reached XP level 2. HP: 19/24 MP: 2/2
   627 | D:1      | Reached skill level 3 in Dodging
   640 | D:1      | Reached skill level 3 in Long Blades
   817 | D:1      | Gained mutation: You have a pair of small horns on your
                  | head. [demonic ancestry]
   817 | D:1      | Reached XP level 3. HP: 12/29 MP: 3/3
   924 | D:2      | HP: 6/29 [adder (3)]
  1074 | D:2      | Found an opulent altar of Gozag.
  1523 | D:2      | Identified the +3 leather armour "Fynkiph" {Harm Will+}
  1537 | D:2      | Slain by a gnoll

Illustrated notes

Levels and vault maps discovered:
D:1:      dpeg_arrival_shrine, layout_basic, roderic_serpentine_path
D:2:      layout_basic, serial_forest, infiniplex_forest_clump_curved,
          infiniplex_forest_end_2, infiniplex_forest_lined_3_way,
          infiniplex_forest_clump_cross, infiniplex_forest_clump_curved,
          basic_altar, kennysheep_generic_room_13

Skill      XL: |  1  2 |
---------------+-------+-----
Dodging        | 3 |  3.0
Long Blades    | 3 |  3.5
Fighting       | |  3.9

Action                     || total
---------------------------++-------
  Melee: Falchion          ||    97
         Headbutt          ||     7
  Throw: Stone             ||     6
   Stab: Sleeping          ||     1
 Armour: Robe              ||    10
  Dodge: Dodged            ||    65
  Block: Orb               ||    13
